Cogmind - Beta 13 @@@ ROGUE MODE // 2024.03.21 @ 20:02:21 // Winter2019/RPGLIKE Player: H3-RMN Result: Destroyed by Y-54 Guardian with Flak Gun Performance ------------- Evolutions (3) 1500 Regions Visited (7) 1400 Robots Destroyed (182) 910 Value Destroyed (6353) 6353 Prototype IDs (38) 760 Alien Tech Used (0) 0 Bonus (2611) 2611 TOTAL SCORE: 13534 Bonus ------- High Alert Combat Kills 1913 Follower Combat Kills 198 Entered Garrisons 200 Aligned with FarCom 300 Cogmind --------- Core Integrity 0/1450 Matter 300/300 Energy 1700/1700 System Corruption 1% Temperature Cool (12) Movement Hovering (63) Location -7/Factory Parts ------- > --- POWER (2) -------- Micro Nuclear Core Micro Nuclear Core > --- PROPULSION (4) --- Improved Airjet Combat Airjet Combat Airjet > --- UTILITY (8) ------ Superbattery Advanced Weight Redist. System Experimental Sensor Array Improved Signal Interpreter Modified TNC Armor Integrity Analyzer Transmission Jammer Improved Medium Armor Plating > --- WEAPON (3) ------- Axe Axe Axe > --- INVENTORY (5) ---- Microactuators Firepult Shock Trap Shock Trap Peak State ------------ > --- POWER ------------ Micro Nuclear Core Micro Nuclear Core > --- PROPULSION ------- Improved Airjet Combat Airjet Combat Airjet Combat Airjet > --- UTILITY ---------- Superbattery Advanced Weight Redist. System Experimental Sensor Array Improved Signal Interpreter Modified TNC Armor Integrity Analyzer Transmission Jammer Improved Medium Armor Plating > --- WEAPON ----------- Axe Axe Axe > --- INVENTORY -------- Microactuators Firepult Shock Trap Shock Trap [Rating: 82] Favorites ----------- Power Backup Power I Engine Backup Power I Power Core Micro Nuclear Core Propulsion Aerolev Unit Leg Aluminum Leg Hover Unit Aerolev Unit Flight Unit VTOL Module Utility Modified TNC Device Experimental Sensor Array Storage Superbattery Processor Modified TNC Hackware System Shield Protection Medium Reactive Plating Weapon Mini Grenade Launcher Energy Gun EM Pulse Gun Energy Cannon Firepult Ballistic Gun Light Assault Rifle Launcher Mini Grenade Launcher Impact Weapon Hammer Slashing Weapon Axe Build | -11 -10 -10 -10 -9 -8 -8 -7 ------- Run | Yrd Mat Min Exi Min Mat Gar Fac Slots Evolved 13 | 3 2 . . 3 3 . 2 Power 1 | . . . . . 1 . . Propulsion 3 | 1 1 . . 1 . . . Utility 7 | 1 1 . . 2 2 . 1 Weapon 2 | 1 . . . . . . 1 Parts Attached 89 | 7 16 5 4 3 28 7 19 Power 10 | 1 1 . . . 6 . 2 Engine 8 | 1 1 . . . 6 . . Core 2 | . . . . . . . 2 Reactor . | . . . . . . . . Propulsion 23 | 2 7 . . 1 6 . 7 Treads . | . . . . . . . . Leg 3 | 2 1 . . . . . . Wheel . | . . . . . . . . Hover 13 | . . . . 1 5 . 7 Flight 7 | . 6 . . . 1 . . Utility 34 | 2 5 1 2 2 14 2 6 Device 13 | 2 1 1 . 2 4 . 3 Storage 2 | . 1 . 1 . . . . Processor 4 | . . . 1 . 1 1 1 Hackware 1 | . . . . . 1 . . Protection 14 | . 3 . . . 8 1 2 Artifact . | . . . . . . . . Weapon 22 | 2 3 4 2 . 2 5 4 Energy Gun 1 | 1 . . . . . . . Energy Cannon 1 | . . . . . . 1 . Ballistic Gun 2 | 1 . . . . . 1 . Ballistic Cannon . | . . . . . . . . Launcher 4 | . 1 1 1 . . 1 . Special Weapon . | . . . . . . . . Impact Weapon 5 | . 2 . 1 . 1 . 1 Slashing Weapon 9 | . . 3 . . 1 2 3 Piercing Weapon . | . . . . . . . . Special Melee Weapon . | . . . . . . . . Unidentified Prototypes 5 | . 1 . . 1 2 . 1 Parts Lost 4 | . 1 1 . . 1 . 1 Power 1 | . . . . . 1 . . Propulsion . | . . . . . . . . Utility 3 | . 1 1 . . . . 1 Weapon . | . . . . . . . . Highest Loss Streak 1 | . 1 1 . . 1 . 1 To Critical Strikes . | . . . . . . . . Average Slot Usage (%) 98 | . 98 99 95 99 98 99 98 Engine 9 | . 12 11 11 9 8 13 5 Core 1 | . . . . . . . 5 Hover 19 | . . . . 4 29 26 23 Flight 9 | . 27 33 33 28 . . . Device 16 | . 16 15 11 8 15 20 16 Storage 5 | . 3 . 5 9 6 6 5 Processor 8 | . . . 5 9 8 13 15 Hackware 1 | . . . . . 4 . . Protection 7 | . 6 16 11 9 6 6 5 Launcher 5 | . 3 5 7 9 6 5 2 Impact Weapon 5 | . 16 6 5 9 5 . 1 Slashing Weapon 4 | . . 9 4 . 1 5 12 Naked Turns . | . . . . . . . . Heaviest Build 50 | 10 14 8 9 11 34 50 35 Greatest Support 59 | 20 20 17 17 17 50 50 59 Greatest Overweight (x) 1 | . 1 . . . 1 . . Average Overweight (x) . | . . . . . . . . Largest Inventory Capacity 5 | 2 2 3 3 4 4 4 5 Average Capacity 3 | 1 2 2 3 3 4 4 4 Most Carried 5 | . 2 3 3 4 4 4 5 Average Carried 3 | . 1 2 2 3 3 3 4 Final Capacity 5 | 2 2 3 3 4 4 4 5 Final Carried 5 | . 2 3 3 4 4 4 5 Class Distribution -------------------- 50% | Hacker-Scout 12% | Sprinter 8% | Mutant 8% | Hacker-Ninja 7% | Hacker-Gladiator 5% | Gladiator 4% | Scout Dominant Class ---------------- Mutant | -10/Materials Sprinter | -10/Mines Sprinter | -10/Exiles Scout | -9/Mines Hacker-Scout | -8/Materials Hacker-Scout | -8/Garrison Hacker-Ninja | -7/Factory Resources | -11 -10 -10 -10 -9 -8 -8 -7 ----------- Run | Yrd Mat Min Exi Min Mat Gar Fac Matter Collected 1641 | 275 162 115 40 90 410 196 353 Remotely 182 | 140 42 . . . . . . Salvage Created 5736 | 129 761 114 . 261 2122 991 1358 Parts 234 | 8 25 3 . 31 66 36 65 Haulers Intercepted 3 | . 2 . . . 1 . . Recyclers Shooed 2 | 1 . . . 1 . . . Parts Field Recycled . | . . . . . . . . Retrieved Matter . | . . . . . . . . Parts Self-Destructed . | . . . . . . . . Prevented . | . . . . . . . . Kills | -11 -10 -10 -10 -9 -8 -8 -7 ------- Run | Yrd Mat Min Exi Min Mat Gar Fac Combat Hostiles Destroyed 148 | . 16 13 . 14 48 25 32 Melee 77 | . 12 6 . 1 25 11 22 AOE 46 | . . 7 . 11 8 11 9 Classes Destroyed 18 | 2 4 2 . 2 6 1 1 Worker 6 | . . . . 1 5 . . Builder 7 | . . . . 1 1 . 5 Tunneler 4 | 3 . . . 1 . . . Hauler 3 | . 2 . . . 1 . . Recycler 7 | 1 . . . 1 3 . 2 Mechanic 3 | . . . . . 1 . 2 Operator 5 | . 1 . . . 3 . 1 Watcher 8 | . 3 . . . 4 . 1 Swarmer 32 | . . 4 . 8 11 3 6 Cutter 2 | . . . . . 2 . . Grunt 77 | . 16 . . 6 21 17 17 Brawler 3 | . . . . . . . 3 Duelist 4 | . . . . . 2 . 2 Sentry 13 | . . . . . 9 2 2 Specialist 2 | . . . . . 2 . . Hunter 3 | . . . . . 1 . 2 Programmer 3 | . . . . . . 3 . Assembled 9 | . . 9 . . . . . Best Kill Streak 11 | 3 6 8 . 8 8 4 11 Combat Bots Only 8 | . 5 8 . 8 5 4 8 Max Kills in Single Turn 4 | 1 1 2 . 4 4 3 2 Gunslinging . | . . . . . . . . Exploded 4 | . . 2 . 4 2 3 2 Melee 2 | . 1 1 . 1 1 1 2 Uniques/NPCs Destroyed . | . . . . . . . . Combat | -11 -10 -10 -10 -9 -8 -8 -7 -------- Run | Yrd Mat Min Exi Min Mat Gar Fac Hostile Shots Fired 667 | . 82 16 . 20 196 101 252 Missed 238 | . 37 6 . 9 57 30 99 Damage Taken 5849 | 36 560 190 . 174 2093 902 1894 Core 4078 | 28 415 152 . 145 1450 583 1305 Absorbed by Shields 23 | . . . . . . 23 . Redirected to Core 3274 | 28 296 68 . 76 1147 487 1172 Redirected to Shielding 26 | . 3 18 . 5 . . . Ignored by Resistances 625 | . . . . . 166 250 209 Regen/Repaired (Parts) 401 | . . . . . 376 . 25 Core Remaining (%) 76 | 95 . . . 100 . 33 . Volleys Fired 65 | 5 2 7 . 6 13 16 16 Largest 2 | 2 2 1 . 1 1 1 1 Hottest 250 | 60 60 30 . 30 30 250 30 Shots Fired 72 | 10 4 7 . 6 13 16 16 Gun 16 | 10 4 . . . . 2 . Cannon 2 | . . . . . . 2 . Launcher 54 | . . 7 . 6 13 12 16 Special . | . . . . . . . . Kinetic 9 | 5 2 . . . . 2 . Thermal 2 | . . . . . . 2 . Explosive 54 | . . 7 . 6 13 12 16 Electromagnetic 7 | 5 2 . . . . . . Robot Hit Streak 7 | 6 1 1 . . 3 2 7 Robot Miss Streak 3 | 1 2 3 . 2 2 2 2 Penetration Max . | . . . . . . . . Secondary Targets . | . . . . . . . . Shots Hit Robots 394 | 7 61 10 . 10 136 66 104 Core Hits 215 | 5 13 14 . 16 52 43 72 Critical Kills 5 | . 3 . . 1 1 . . Critical Parts Destroyed 38 | . 9 . . 2 26 . 1 Critical Strikes 83 | . 12 . . 3 33 22 13 Smash 44 | . 12 . . 3 28 . 1 Sever 39 | . . . . . 5 22 12 Melee Attacks 525 | . 109 16 . 20 175 86 119 Impact 295 | . 109 5 . 20 150 . 11 Slashing 230 | . . 11 . . 25 86 108 Piercing . | . . . . . . . . Sneak Attacks 30 | . 3 1 . 1 11 3 11 Combat Hostiles 8 | . . 1 . . 1 3 3 Follow-up Attacks 29 | . 4 . . . . . 25 Damage Inflicted 16285 | 152 1823 753 . 973 5701 2184 4699 Guns 97 | 82 15 . . . . . . Cannons 40 | . . . . . . 40 . Explosions 4738 | 70 . 416 . 619 1184 1040 1409 Melee 11410 | . 1808 337 . 354 4517 1104 3290 Ramming . | . . . . . . . . Kinetic 26 | 26 . . . . . . . Thermal 436 | 70 . . . 98 . 268 . Explosive 4342 | . . 416 . 521 1184 812 1409 Electromagnetic 71 | 56 15 . . . . . . Impact 6606 | . 1808 31 . 354 4101 . 312 Slashing 4804 | . . 306 . . 416 1104 2978 Piercing . | . . . . . . . . Highest Corruption 1 | . . . . . . . 1 Average Corruption 1 | . . . . . . . 1 Corruption Purged . | . . . . . . . . Corruption Blocked . | . . . . . . . . Effects 7 | . . . . . . . 7 Message Errors 2 | . . . . . . . 2 Matter Fused 1 | . . . . . . . 1 Heat Flow Errors 1 | . . . . . . . 1 Data Loss (minor) 3 | . . . . . . . 3 Overload Shots . | . . . . . . . . Overflow Damage 2384 | . 355 56 . 145 1632 33 163 Projectiles 2 | . . . . . 2 . . Explosions 159 | . . 1 . 12 110 33 3 Melee 2223 | . 355 55 . 133 1520 . 160 Knockbacks 37 | . 12 . . 4 20 . 1 Impact 34 | . 12 . . 4 17 . 1 Kinetic . | . . . . . . . . Secondary 3 | . . . . . 3 . . Self-Inflicted Damage 452 | 36 . 24 . 40 165 98 89 Shots 14 | 1 . 1 . 1 4 5 2 Rammed . | . . . . . . . . Targets Rammed . | . . . . . . . . Kicked . | . . . . . . . . Crushed . | . . . . . . . . Highest Temperature 431 | 32 20 5 . 5 40 431 273 Average Temperature 68 | 16 15 2 . 2 17 139 56 Received Heat Transfer 2481 | . 312 . . 69 999 549 552 Effects 3 | . . . . . . 3 . Shutdowns 1 | . . . . . . 1 . Damage (minor) 2 | . . . . . . 2 . Siege Activations . | . . . . . . . . Robots Corrupted . | . . . . . . . . Combat Hostiles . | . . . . . . . . Parts Fried 53 | . 13 . . 2 38 . . Impact Corruptions 92 | . 16 . . 5 67 . 4 Robots Melted 3 | . . . . . . 3 . Combat Hostiles 3 | . . . . . . 3 . Parts Melted 12 | . . . . . . 11 1 Heat Transferred 1210 | 100 . . . 150 . 960 . Parts Sabotaged . | . . . . . . . . Parts Stolen . | . . . . . . . . Parts Stripped . | . . . . . . . . Power Chain Reactions 1 | 1 . . . . . . . Alert | -11 -10 -10 -10 -9 -8 -8 -7 ------- Run | Yrd Mat Min Exi Min Mat Gar Fac Peak Influence 1499 | 20 510 300 . 584 811 1307 1499 Initial 686 | . 13 139 . . 227 431 686 Average 594 | 7 235 171 . 372 495 893 1140 Maximum Alert Level 4 | . 2 1 . 2 3 4 4 Low Security (%) 19 | 100 48 72 . 21 9 . . Level 1 14 | . 29 27 . 36 15 . . Level 2 34 | . 21 . . 42 65 25 7 Level 3 16 | . . . . . 10 52 26 Level 4 15 | . . . . . . 21 65 Level 5 . | . . . . . . . . High Security . | . . . . . . . . Max Security . | . . . . . . . . Squads Dispatched 23 | . 4 . . . 9 . 10 Investigation 11 | . 4 . . . 3 . 4 Extermination 1 | . . . . . . . 1 Reinforcement 6 | . . . . . 4 . 2 Assault 3 | . . . . . 1 . 2 Garrison 2 | . . . . . 1 . 1 Intercept . | . . . . . . . . Searches Triggered . | . . . . . . . . Construction Impeded 2 | . . . . . 1 . 1 Haulers Reinforced . | . . . . . . . . Active Scanning Responses . | . . . . . . . . Cargo Convoy Interrupts . | . . . . . . . . Stealth | -11 -10 -10 -10 -9 -8 -8 -7 --------- Run | Yrd Mat Min Exi Min Mat Gar Fac Distress Signals 11 | . 3 . . . 7 . 1 Communications Jammed 14 | . . . . . . . 14 Distress Signals 14 | . . . . . . . 14 Times Spotted 192 | . 24 12 . 10 70 29 47 Peak Tracking Total 6 | . 6 4 . 4 5 3 5 Tactical Retreats 15 | . 1 . . . 9 3 2 Traps | -11 -10 -10 -10 -9 -8 -8 -7 ------- Run | Yrd Mat Min Exi Min Mat Gar Fac Traps Triggered 6 | . . . . . 1 2 3 Indirectly . | . . . . . . . . Trap Hack Attempts . | . . . . . . . . Triggered . | . . . . . . . . Disarmed . | . . . . . . . . Reprogrammed 3 | . 3 . . . . . . Reused . | . . . . . . . . Traps Extracted . | . . . . . . . . Installed . | . . . . . . . . Triggered . | . . . . . . . . Most Traps Carried 2 | . . . . 2 2 2 2 Machines | -11 -10 -10 -10 -9 -8 -8 -7 ---------- Run | Yrd Mat Min Exi Min Mat Gar Fac Machines Disabled 45 | . 16 3 . 12 2 4 8 Max in Single Turn 4 | . 1 1 . 1 1 1 4 Garrison Access 1 | . . . . . . . 1 Phase Generator 1 | . . . . . . 1 . Machines Repaired . | . . . . . . . . Machines Dismantled . | . . . . . . . . Machines Sabotaged . | . . . . . . . . Overloaded Fab Kills . | . . . . . . . . Hacking | -11 -10 -10 -10 -9 -8 -8 -7 --------- Run | Yrd Mat Min Exi Min Mat Gar Fac Machines Accessed 44 | . 11 . 2 . 17 3 11 Terminals 27 | . 8 . . . 10 3 6 Fabricators 1 | . . . . . . . 1 Repair Stations 5 | . 1 . . . 2 . 2 Recycling Units 5 | . 2 . . . 2 . 1 Scanalyzers 2 | . . . . . 2 . . Garrison Access 2 | . . . . . 1 . 1 Total Hacks 180 | . 48 . 5 . 80 6 41 Successful 99 | . 23 . 5 . 51 3 17 Failed 80 | . 24 . . . 29 3 24 Catastrophic 19 | . 6 . . . 5 1 7 Database Lockouts 1 | . 1 . . . . . . Manual 81 | . 29 . 1 . 34 1 16 Terminals 118 | . 38 . . . 45 6 29 Fabricators 3 | . . . . . . . 3 Repair Stations 16 | . 3 . . . 8 . 5 Recycling Units 17 | . 7 . . . 7 . 3 Scanalyzers 17 | . . . . . 17 . . Garrison Access 4 | . . . . . 3 . 1 Terminal Hacks 46 | . 15 . 5 . 14 3 9 Record 4 | . . . 4 . . . . Part Schematic 6 | . 1 . . . 1 . 4 Robot Schematic 1 | . 1 . . . . . . Robot Analysis 2 | . 2 . . . . . . Prototype ID Bank 7 | . 2 . . . 4 . 1 Open Door 1 | . . . . . . 1 . Level Access Points 1 | . . . . . . . 1 Branch Access Points 2 | . . . . . 1 . 1 Emergency Access Points 1 | . . . . . . 1 . Terminal Index 2 | . . . . . 1 . 1 Scanalyzer Index 1 | . 1 . . . . . . Unreport Threat 7 | . 1 . . . 5 . 1 Locate Traps 5 | . 4 . . . 1 . . Reprogram Traps 1 | . 1 . . . . . . Hauler Manifests 1 | . 1 . . . . . . Registered Components 1 | . . . . . 1 . . Zone Layout 1 | . 1 . . . . . . Security Stations 1 | . . . . . . 1 . Derelict Proto ID Bank 1 | . . . 1 . . . . Fabricator Hacks 2 | . . . . . . . 2 Load Schematic 1 | . . . . . . . 1 Build 1 | . . . . . . . 1 Repair Station Hacks 11 | . 2 . . . 6 . 3 Scan Component 6 | . 1 . . . 3 . 2 Repair 4 | . . . . . 3 . 1 Refit 1 | . 1 . . . . . . Recycling Unit Hacks 7 | . 3 . . . 3 . 1 Report Inventory 4 | . 2 . . . 1 . 1 Retrieve Components 3 | . 1 . . . 2 . . Scanalyzer 14 | . . . . . 14 . . Insert Component 6 | . . . . . 6 . . Analyze 8 | . . . . . 8 . . Garrison Access Hacks 2 | . . . . . 1 . 1 Unlock Access 1 | . . . . . 1 . . Seal Access 1 | . . . . . . . 1 Unauthorized Hacks 17 | . 3 . . . 13 . 1 Terminals 11 | . 1 . . . 9 . 1 Track 3 | . . . . . 3 . . Assimilate 2 | . . . . . 2 . . Botnet 3 | . . . . . 2 . 1 Disrupt 2 | . 1 . . . 1 . . Operators 1 | . . . . . 1 . . Fabricators . | . . . . . . . . Repair Stations . | . . . . . . . . Recycling Units 4 | . 2 . . . 2 . . Mask 2 | . . . . . 2 . . Tunnel 2 | . 2 . . . . . . Scanalyzers . | . . . . . . . . Garrison Access 2 | . . . . . 2 . . Reprogram 1 | . . . . . 1 . . Intercept 1 | . . . . . 1 . . Data Cores Recovered 3 | . 1 . . . 2 . . Used . | . . . . . . . . Hacking Detections 33 | . 9 . . . 12 2 10 Full Trace Events 12 | . 7 . . . 1 . 4 Feedback Events 1 | . . . . . . . 1 Corruption 1 | . . . . . . . 1 Feedback Blocked . | . . . . . . . . Robot Schematics Acquired 1 | . 1 . . . . . . Robots Built . | . . . . . . . . Authchips . | . . . . . . . . Time . | . . . . . . . . Total Robot Build Rating . | . . . . . . . . Part Schematics Acquired 12 | . 1 . . . 7 . 4 Parts Built 2 | . . . . . . . 2 Authchips . | . . . . . . . . Time 47 | . . . . . . . 47 Total Part Build Rating 10 | . . . . . . . 10 Parts Repaired 4 | . . . . . 3 . 1 Time 268 | . . . . . 132 . 136 Parts Recycled . | . . . . . . . . Recycled Matter . | . . . . . . . . Retrieved Matter . | . . . . . . . . Retrieved Components 27 | . 7 . . . 20 . . Parts Scanalyzed 6 | . . . . . 6 . . Part Schematics Acquired 6 | . . . . . 6 . . Parts Damaged . | . . . . . . . . Bothacking | -11 -10 -10 -10 -9 -8 -8 -7 ------------ Run | Yrd Mat Min Exi Min Mat Gar Fac Used RIF Installer . | . . . . . . . . Robots Hacked . | . . . . . . . . Non-combat . | . . . . . . . . Combat . | . . . . . . . . Robot Hacks Applied . | . . . . . . . . Relay Couplers Released . | . . . . . . . . Fabnet Peak Effective % . | . . . . . . . . Robots Rewired . | . . . . . . . . Allies Hacked . | . . . . . . . . Hacks Repelled . | . . . . . . . . Allies | -11 -10 -10 -10 -9 -8 -8 -7 -------- Run | Yrd Mat Min Exi Min Mat Gar Fac Total Allies 5 | . . 1 . . 2 2 . Largest Group 3 | . . 1 . . 1 3 . Highest-Rated Group 76 | . . 31 . . 15 76 . Highest-Rated Ally 39 | . . 31 . . 15 39 . Total Orders . | . . . . . . . . Ally Attacks 32 | . . 10 . . 1 21 . Total Damage 423 | . . 124 . . 15 284 . Kills 6 | . . 2 . . . 4 . Allies Corrupted . | . . . . . . . . Allies Melted . | . . . . . . . . Intel | -11 -10 -10 -10 -9 -8 -8 -7 ------- Run | Yrd Mat Min Exi Min Mat Gar Fac Robot Analysis Total 2 | . 2 . . . . . . Derelict Logs Recovered 2 | . . 1 . 1 . . . Drone Launches . | . . . . . . . . Drone Recoveries . | . . . . . . . . Exploration | -11 -10 -10 -10 -9 -8 -8 -7 ------------- Run | Yrd Mat Min Exi Min Mat Gar Fac Turns Passed 6097 | 77 872 533 126 310 2179 912 1088 Spaces Moved 7044 | 45 1041 827 388 702 2067 1031 943 Core 4 | 3 . . . . 1 . . Treads . | . . . . . . . . Legs 126 | 42 84 . . . . . . Wheels . | . . . . . . . . Hover 4027 | . . . . . 2053 1031 943 Flight 2887 | . 957 827 388 702 13 . . Fastest Speed 29 | 50 29 29 29 29 29 45 45 Average Speed 40 | 115 41 29 29 29 44 45 49 Slowest Speed 120 | 120 120 29 29 29 100 45 63 Overloaded Moves . | . . . . . . . . Propulsion Burnouts . | . . . . . . . . Robots Hopped 8 | . 2 . . 6 . . . Cave-ins Triggered . | . . . . . . . . Exploration Rate (%) 72 | 3 98 97 63 98 96 98 27 Regions Visited 7 Branch Regions 3 Pre-discovered Areas 4 | . 2 1 1 . . . . Known Exits Taken 1 | . . . . . 1 . . Unknown Exits Taken 5 | 1 1 1 1 1 . . . Scrap Searched 3 | . . 1 . 2 . . . Spaces Dug 23 | . 2 . . . 3 17 1 Terrain Destroyed 430 | 2 2 50 . 72 109 116 79 Melee 6 | . 2 . . . 3 . 1 Projectile . | . . . . . . . . AOE 424 | 2 . 50 . 72 106 116 78 Terrain Rammed . | . . . . . . . . Walls Destroyed . | . . . . . . . . Machines Disabled . | . . . . . . . . Actions | -11 -10 -10 -10 -9 -8 -8 -7 --------- Run | Yrd Mat Min Exi Min Mat Gar Fac Total 9323 | 57 1300 1079 402 760 3045 1290 1390 Wait 1414 | 1 108 208 1 21 689 111 275 Move 7019 | 44 1037 826 387 689 2066 1027 943 Hop 7 | . 1 . . 6 . . . Pick Up 28 | . 6 1 3 3 9 3 3 Fast Attach 65 | 7 13 3 3 1 23 4 11 Attach 10 | . 1 . 1 2 2 3 1 Detach 2 | . . . . . 2 . . Swap 14 | . 2 2 . . 3 . 7 Drop 72 | . 17 1 7 . 26 7 14 Fire 65 | 5 2 7 . 6 13 16 16 Melee 481 | . 99 16 . 20 175 86 85 Ram . | . . . . . . . . Kick . | . . . . . . . . Crush . | . . . . . . . . Escape Stasis 6 | . . . . . . 6 . Rewire . | . . . . . . . . Trap . | . . . . . . . . Miscellaneous 140 | . 14 15 . 12 37 27 35 Route ------- -11/Scrapyard -10/Materials (discovered 5 exits: [*Mat x3] / [*Min] / [Sub]) -10/Mines (discovered 3 exits: [*Mat x2] / *Exi) -10/Exiles (discovered 2 exits: [*Min x2]) -9/Mines (discovered 2 exits: *Mat x2) -8/Materials (discovered 4 exits: *Fac x3 / Gar) -8/Garrison (discovered 3 exits: *Fac x3) -7/Factory (discovered 6 exits: *Fac x4 / Low x2) History --------- Turn | Location | Event 1 | -11/Scrapyard | Upgraded with Propulsion slot (x1) 1 | -11/Scrapyard | Upgraded with Utility slot (x1) 1 | -11/Scrapyard | Upgraded with Weapon slot (x1) 4 | -11/Scrapyard | Discovered new exit (range 16) 78 | -11/Scrapyard | Entered Materials 311 | -10/Materials | Build established: Mutant 439 | -10/Materials | Discovered new exit (range 12) 470 | -10/Materials | Discovered new exit (range 8) 507 | -10/Materials | Discovered new exit (range 16) 534 | -10/Materials | Reached level 2 537 | -10/Materials | Upgraded with Propulsion slot (x1) 594 | -10/Materials | Central database locked down 680 | -10/Materials | Discovered new exit (range 17) 715 | -10/Materials | Reached level 3 726 | -10/Materials | Upgraded with Utility slot (x1) 776 | -10/Materials | Core integrity fell below 50% 843 | -10/Materials | Build established: Gladiator 937 | -10/Materials | Discovered new exit (range 17) 950 | -10/Materials | Entered Mines 982 | -10/Mines | Received a Rocket Launcher from a helpful Derelict 987 | -10/Mines | Met a Derelict bent on vengeance 1001 | -10/Mines | Assembled infested the area 1002 | -10/Mines | Discovered new exit (range 14) 1006 | -10/Mines | Assisted by a Guerilla fighting off Assembled 1009 | -10/Mines | Learned location of Zion (-7) 1011 | -10/Mines | Discovered new exit (range 10) 1240 | -10/Mines | Build established: Sprinter 1255 | -10/Mines | Destroyed 8 combat bots 1270 | -10/Mines | Deemed a non-threat by the Exiles lab entrance 1270 | -10/Mines | Discovered new exit (range 5) 1313 | -10/Mines | Reached level 4 1391 | -10/Mines | Received a Mining Laser from a helpful Derelict 1483 | -10/Mines | Entered Exiles 1487 | -10/Exiles | Discovered new exit (range 15) 1491 | -10/Exiles | Met 8R-AWN 1495 | -10/Exiles | Met EX-HEX 1506 | -10/Exiles | Met EX-DEC 1514 | -10/Exiles | Met EX-BIN 1530 | -10/Exiles | Aligned with FarCom system 1530 | -10/Exiles | Given EX-Vault access code 1537 | -10/Exiles | Opened EX-Vault 1545 | -10/Exiles | Found Modified TNC 1548 | -10/Exiles | Found Superbattery 1551 | -10/Exiles | Found Firepult 1560 | -10/Exiles | Warned to stay clear of 0b10 Research branches 1606 | -10/Exiles | Discovered new exit (range 10) 1609 | -10/Exiles | Stole three prototypes: Superbattery, Modified TNC, Firepult 1609 | -10/Exiles | Entered Mines 1611 | -9/Mines | Reached level 5 1620 | -9/Mines | Found a hidden stash of uninstalled traps 1646 | -9/Mines | Destroyed 8 combat bots 1658 | -9/Mines | Found a damaged Exp. Sensor Array with a note attached 1658 | -9/Mines | Upgraded with Utility slot (x1) 1658 | -9/Mines | Found Prototype Device 1658 | -9/Mines | Identified Exp. Sensor Array 1665 | -9/Mines | Discovered new exit (range 11) 1735 | -9/Mines | Reached level 6 1738 | -9/Mines | Upgraded with Propulsion slot (x1) 1787 | -9/Mines | Discovered new exit (range 8) 1891 | -9/Mines | Upgraded with Utility slot (x1) 1919 | -9/Mines | Entered Materials 1921 | -8/Materials | Reached level 7 1941 | -8/Materials | Reached level 8 2118 | -8/Materials | Upgraded with Utility slot (x1) 2219 | -8/Materials | Build established: Hacker-Scout 2591 | -8/Materials | Reached level 9 2730 | -8/Materials | Identified exit to Garrison 2746 | -8/Materials | Discovered new exit (range 16) 3178 | -8/Materials | Reached level 10 3212 | -8/Materials | Garrison activated, responded to threat 3336 | -8/Materials | Repaired Med. Reactive Plating 3492 | -8/Materials | Core integrity fell below 50% 3498 | -8/Materials | Reached level 11 3519 | -8/Materials | First assault squad dispatched 3548 | -8/Materials | Discovered new exit (range 4) 3631 | -8/Materials | Repaired Med. Reactive Plating 3665 | -8/Materials | Upgraded with Power slot (x1) 3665 | -8/Materials | Upgraded with Utility slot (x1) 3759 | -8/Materials | Core integrity fell below 20% 3828 | -8/Materials | Discovered new exit (range 14) 4088 | -8/Materials | Repaired Med. Reactive Plating 4098 | -8/Materials | Entered Garrison 4098 | -8/Garrison | Accompanied by 1 ally 4170 | -8/Garrison | Triggered checkpoint 4187 | -8/Garrison | Reached level 12 4220 | -8/Garrison | Phase Generator disabled 4358 | -8/Garrison | Triggered checkpoint 4393 | -8/Garrison | Discovered new exit (range 16) 4453 | -8/Garrison | Rescued a captive Derelict 4455 | -8/Garrison | Rescued a captive Derelict 4584 | -8/Garrison | Triggered checkpoint 4640 | -8/Garrison | Triggered checkpoint 4660 | -8/Garrison | Discovered new exit (range 13) 4780 | -8/Garrison | Triggered checkpoint 4792 | -8/Garrison | Learned Factory security intel 4810 | -8/Garrison | Triggered checkpoint 4821 | -8/Garrison | Reached level 13 4832 | -8/Garrison | Discovered new exit (range 13) 4854 | -8/Garrison | Triggered checkpoint 4903 | -8/Garrison | Attempted to access garrison exit controls, blocked by remote lockdown 4974 | -8/Garrison | Attempted to access garrison exit controls, blocked by remote lockdown 5010 | -8/Garrison | Entered Factory 5011 | -7/Factory | Core integrity fell below 50% 5012 | -7/Factory | FarCom data flow suspended 5012 | -7/Factory | Reached level 14 5116 | -7/Factory | Garrison activated, responded to threat 5146 | -7/Factory | Core integrity fell below 20% 5179 | -7/Factory | Destroyed 8 combat bots 5185 | -7/Factory | Upgraded with Weapon slot (x1) 5410 | -7/Factory | First assault squad dispatched 5429 | -7/Factory | Reached level 15 5450 | -7/Factory | Upgraded with Utility slot (x1) 5463 | -7/Factory | Identified exit to Lower Caves 5548 | -7/Factory | Discovered new exit (range 4) 5549 | -7/Factory | Identified exit to Factory 5701 | -7/Factory | Fabricated Cmb. Airjet (x2) 5748 | -7/Factory | Build established: Hacker-Ninja 5943 | -7/Factory | Repaired Broken Exp. Sensor Array? 6098 | -7/Factory | Destroyed by Y-54 Guardian with Flak Gun Last Messages --------------- Mni. Assault Cannon >>Access(Main) Found 4 level access points to Factory: (189,177) (11,91) (139,183) (64,11) Map updated. 06069_ Terminal disabled. 06079_ System corrupted: Component data lost. 06090_ Connecting with Terminal... >>Schematic(Imp. Plasma Cutter) Downloading schematic... Imp. Plasma Cutter Rating: 6 Schematic downloaded. 06090_ ALERT: Suspicious activity at Terminal F017. Dispatching Investigation squad. 06094_ ALERT: Rogue bot located, Programmers report to Factory Zone 1N. Map ----- +----------------------------------------------------+ | | | | | | | | | | | | | | | | | | | | | | | | | | | | | ???????????????????????????????????############### | | ???????????????????????????????????# | | ???????????????????????????????????# """ g | | ???????????????????????????????????# """ | | ???????????????????????????????????# "S | | ???????????????????????????????????# """ """ """ | | ???????????????????????????????????# "" """ """ | | ???????????????????????????????????# """ """ | | ?????????????????????###+###?####### | | ?????????????????????# #?# ##/##########+# | | ?????????????????????# ### " t | | ?????????????????????+ Y @ "T p | | ?????????????????????# [### | | ?????????????????????# #?# ############ | | ??????????????Y??????########### ###########??# | | ?????????????????????# # # #??# | | ?????????????????????# # # #??# | | ?????????????????????# + # #??# | | ?????????????????????# # # #??# | | ?????????????????????# # ##+########??# ^ | | ?????????????????????# ?# #?????????# | | #####????????????????# ?# #??######## | | #????????????????# ??# #? ## | | #????????????????########??# #? ## | | #????????????????????#####?# # ## | | """ ###############??????# ### # !!! ## | | R" ## #??????# + !!! [## | | """ ## #??????# ######k# !! ## | | =%*=## #??????#####????# # ## | | #!#### ##########??????# #? ## | | =[%! # #####??# #? ! ## | | =[= = ###### # # ?# #?######### | | %[ #????# # !# ?# #?# # | | % #????# # # # #?# "" " # | | ##????# # # # #?# "" " # | | #?????# # # + #?#["" " # | +----------------------------------------------------+ Best States ------------- Heat Dissipation 31 Energy Generation 30 Energy Capacity 1700 Matter Stores 300 Matter Capacity 300 Sight Range 17 Robot Scan Range 20 Terrain Scan Range 16 Terrain Scan Density 210 Jamming Range 12 Additional Mass Support 9 Armor Coverage 225 Resistance: KI 30 Resistance: TH 20 Propulsion Shielding 33 Utility Shielding 33 Melee Speed Boost 20 Evasion (%) 64 Target Analysis 5 Armor Integrity Analysis 30 Offensive Hacking 10 Defensive Hacking 20 Item Schematics ----------------- Transport Network Coupler | -10/Materials | Hacked Cmb. Airjet | -8/Materials | Scanalyzed Exp. Sensor Array | -8/Materials | Scanalyzed Cryofiber Web | -8/Materials | Scanalyzed System Shield | -8/Materials | Scanalyzed Thermal Generator | -8/Materials | Scanalyzed Imp. Datajack | -8/Materials | Scanalyzed Shield Generator | -8/Materials | Hacked Imp. Hacking Suite | -7/Factory | Hacked Imp. Cooling System | -7/Factory | Hacked Nuclear Pulse Thruster | -7/Factory | Hacked Imp. Plasma Cutter | -7/Factory | Hacked Robot Schematics ------------------ M-13 Machinist | -10/Materials | Hacked Fabricated ------------ Cmb. Airjet | x2 | -7/Factory Alien Tech Used ----------------- None Achievements -------------- None Challenges ------------ None RPGLIKE | -11 -10 -10 -10 -9 -8 -8 -7 --------- Run | Yrd Mat Min Exi Min Mat Gar Fac Levels Raised 14 | . 2 1 . 2 5 2 2 XP Earned 25499 | 3000 3676 1519 350 3013 7433 2221 4287 XP Spent 23825 | 2890 2200 750 . 4600 5930 2580 4875 Upgrades 51 | 10 5 1 . 4 15 10 6 Power Slot 1 | . . . . . 1 . . Propulsion Slot 3 | 1 1 . . 1 . . . Utility Slot 7 | 1 1 . . 2 2 . 1 Weapon Slot 2 | 1 . . . . . . 1 Core Integrity 17 | . . . . . 8 6 3 Heat Dissipation 1 | . . . . . 1 . . Energy Generation 1 | . . . . . 1 . . Mass Support 1 | . 1 . . . . . . Inventory Capacity 5 | 2 . 1 . 1 . . 1 Sight Range 1 | 1 . . . . . . . Terrain Scan Density 2 | 2 . . . . . . . Melee Accuracy 2 | . 2 . . . . . . Hack Attack % 2 | 1 . . . . 1 . . Hack Defense % 2 | 1 . . . . 1 . . TH Resistance % 4 | . . . . . . 4 . Protomatter Created 1331 | . 225 30 . 98 370 265 343 Integrity Restored 2812 | . 312 301 . 208 695 570 726 Core 2628 | . 312 283 . 145 592 570 726 Parts 184 | . . 18 . 63 103 . . Protomatter Decayed 198 | . . 99 . 20 54 25 . Game ------ Seed ElectronBladeFlail Manual? 0 Play Time 01:31:40 Cumulative 629.3 hours Start 2024.03.21 @ 18:31:37 End 2024.03.21 @ 20:02:21 Sessions 1 Manual Loads 0 Difficulty Rogue Special Mode Winter2019/RPGLIKE Game No. 243 Rogue 219 Adventurer 3 Explorer 21 Win Type - Total 14 Types 9/2/1/1/0/1/0/0/0 Lore% 89 Gallery% 96 Achievement% 83 Wizard Run 0 Options --------- Layout 2 ASCII 0 Keyboard 0 Movement Numpad Keybinds 0 Fullscreen 2 Font 24/Smallcaps Map View 50x44 Zoom Use 0% Tactical HUD 1 Map Filters NONE Filters NONE Steam X RUN: 47d43efe-e29d-41a4-8b58-3106ed127bd4